 Dungeon Crawl Stone Soup version 0.26.1-11-gd32895ea62 (webtiles) character file.

Game seed: 11465030757249704449

45 tizbic2 the Chiller (level 3, -4/24 HPs)
             Began as a Barachi Ice Elementalist on July 2, 2021.
             Was a Follower of Fedhas.
             Shot with an arrow by a centaur (9 damage)
             ... on level 3 of the Dungeon.
             The game lasted 00:09:25 (1785 turns).

tizbic2 the Chiller (Barachi Ice Elementalist)      Turns: 1785, Time: 00:09:25

Health: -4/24      AC:  4    Str: 10    XL:     3   Next: 64%
Magic:  6/6        EV: 12    Int: 21    God:    Fedhas [*.....]
Gold:   99         SH:  0    Dex: 12    Spells: 2/6 levels left

rFire    + . .     SeeInvis .   d - +1 whip (elec)
rCold    x . .     Faith    .   (no shield)
rNeg     . . .     Spirit   .   e - +0 leather armour
rPois    .         Reflect  .   (no helmet)
rElec    .         Harm     .   q - +0 cloak
rCorr    .         Rampage  .   (no gloves)
Will     .....                  (no boots)
Stlth    ++........             (no amulet)
HPRegen  0.08/turn              g - +6 ring of intelligence
MPRegen  0.10/turn              o - ring of fire

@: can't hop, slow
A: +LOS, swims, slowness 1, strong legs 1
a: Hop, Renounce Religion


You were on level 3 of the Dungeon.
You worshipped Fedhas.
Fedhas was aware of your devotion.
You visited 1 branch of the dungeon, and saw 3 of its levels.

You collected 99 gold pieces.

Inventory:

Hand Weapons
 d - a +1 whip of electrocution (weapon)
 h - a +0 short sword
Armour
 e - a +0 leather armour (worn)
 m - a +0 ring mail
 q - a +0 cloak (worn)
Jewellery
 g - a +6 ring of intelligence (left hand)
 o - a ring of fire (right hand)
Scrolls
 a - 4 scrolls of teleportation
 b - 3 scrolls of remove curse
 c - a scroll of immolation {unknown}
 i - a scroll of enchant weapon {unknown}
 j - 2 scrolls of identify
 l - a scroll of enchant armour {unknown}
 n - a scroll of fog {unknown}
Potions
 f - a potion of cancellation {unknown}
 k - a potion of haste {unknown}
 p - a potion of curing {unknown}


   Skills:
 + Level 0.1 Fighting
 + Level 0.6 Armour
 + Level 2.3 Dodging
 - Level 1.7 Stealth
 + Level 2.4 Spellcasting
 * Level 6.0 Ice Magic


You had 2 spell levels left.
You knew the following spells:

 Your Spells              Type           Power        Failure   Level
a - Freeze                Ice            100%         1%          1
b - Ozocubu's Armour      Ice            27%          4%          3

Your spell library contained the following spells:

 Spells                   Type           Power        Failure   Level
 Frozen Ramparts          Ice            54%          4%          3
 Hailstorm                Conj/Ice       15%          50%         4
 Summon Ice Beast         Ice/Summ       15%          50%         4


Dungeon Overview and Level Annotations

Branches:
Dungeon (3/15)

Altars:
Fedhas


Innate Abilities, Weirdness & Mutations

You can be seen from farther away. (+LOS)
You can swim through water.
You cover ground slowly.
You can hop short distances.


Message History

There is a stone staircase leading down here.
You climb downwards.
A frilled lizard and a centaur come into view.
Found a scroll labelled INUURYR VUNIPSAHO.
There is a stone staircase leading up here.
The helpless frilled lizard fails to defend itself.
You whack the frilled lizard!
You kill the frilled lizard!
Fedhas accepts your kill.
The centaur shouts!
The centaur wields a +0 shortbow.
The centaur shoots an arrow.
The arrow closely misses you.
The centaur shoots an arrow.
The arrow hits you!
Ouch! That really hurt!
* * * LOW HITPOINT WARNING * * *
The centaur shoots an arrow.
The arrow hits you but does no damage.
There is a stone staircase leading up here.
You see here an arrow.
The centaur shoots an arrow.
The arrow hits you!
You die...
Fedhas appreciates your contribution to the ecosystem.

#### # ..#
..c#..###.#####
#.....†(@....#
..###..###(###.#
..# # #.# ...
.?# ..# ### #.#
..# #.# #.#


You could see a centaur.

Vanquished Creatures
  An ooze (D:1)
  2 worms (D:2)
  5 bats (D:1)
  2 giant cockroaches (D:1)
  6 goblins
  7 hobgoblins
  5 kobolds
  3 frilled lizards
  A rat (D:2)
32 creatures vanquished.

Notes
Turn   | Place    | Note
-------+----------+-------------------------------------------
     0 | D:1      | tizbic2 the Barachi Ice Elementalist began the quest for
                  | the Orb.
     0 | D:1      | Reached XP level 1. HP: 13/13 MP: 3/3
   119 | D:1      | Reached skill level 5 in Ice Magic
   204 | D:1      | Reached XP level 2. HP: 13/19 MP: 0/5
   476 | D:1      | Reached XP level 3. HP: 16/24 MP: 4/6
   537 | D:1      | Learned a level 3 spell: Ozocubu's Armour
  1218 | D:2      | Found a faded altar of an unknown god.
  1223 | D:2      | Became a worshipper of Fedhas Madash
  1223 | D:2      | Reached * piety under Fedhas
  1350 | D:2      | Reached skill level 6 in Ice Magic
  1686 | D:2      | Found a blossoming altar of Fedhas.
  1781 | D:3      | Noticed a centaur
  1785 | D:3      | Shot with an arrow by a centaur

Illustrated notes

Levels and vault maps discovered:
D:1:      minmay_arrival_widening_spiral_wide, layout_basic,
          minmay_curled_crystal
D:2:      lemuel_upstairs_altar, layout_basic, overflow_temple_1_default,
          chequers_ecumenical_altar_simple, minmay_misc_feat_chi,
          amcnicky_mini_pool_small
D:3:      layout_loops_cross, minmay_overflow_temple_star_hex

Skill      XL: |  1  2  3 |
---------------+----------+-----
Ice Magic      | 5 6 |  6.0
Fighting       | |  0.1
Armour         | |  0.6
Dodging        | |  2.3
Stealth        | |  1.7
Spellcasting   | |  2.4

Action                   || total
-------------------------++-------
Melee: Unarmed           ||    10
       Short sword       ||    55
       Dagger            ||     4
       Whip              ||     7
 Cast: Freeze            ||    33
       Ozocubu's Armour  ||     5
 Abil: Hop               ||     6
  Use: Scroll            ||     3
 Stab: Sleeping          ||     3
Armor: Robe              ||     5
       Leather armour    ||    32
Dodge: Dodged            ||    63
